 Dungeon Sprint DCSS version 0.31-a0-1027-gfb7600b534 (webtiles) character file.

Game seed: 12985698098030921966

6710 Conn the Arsonist (level 11, -3/82 HPs)
             Began as an Octopode Fire Elementalist on Nov 18, 2023.
             Was an Elder of Sif Muna.
             Slain by a yaktaur captain (15 damage)
             ... in the Dungeon (Sprint II: "The Violet Keep of Menkaure").
             The game lasted 00:24:29 (1200 turns).

Conn the Arsonist (Octopode Fire Elementalist)      Turns: 1200, Time: 00:24:30

Health: -3/82      AC: 25    Str:  8    XL:     11   Next: 3%
Magic:  10/28      EV:  2    Int: 22    God:    Sif Muna [****..]
Gold:   375        SH:  0    Dex: 12    Spells: 8/32 levels left

rFire   . . .        l - staff of conjuration
rCold   . . .        (no shield)
rNeg    . . .        (helmet currently unavailable)
rPois   +            (no amulet)
rElec   .            s - ring of flight
rCorr   .            (no ring)
SInv    .            (no ring)
Will    .....        (no ring)
Stlth   +++          (no ring)
HPRegen 0.33/turn    (no ring)
MPRegen 0.21/turn    (no ring)
                     (no ring)

%: no teleportation
@: tree-form, slowed, very slow
A: stationary, stasis, torment immunity, boosted hp, almost no armour,
(amphibious), 8 rings, (camouflage 1), (gelatinous body 1), (nimble swimmer 1),
(tentacles), (beak), (tentacle spike 1), frail 1, high MP 1
a: Renounce Religion, Channel Magic, Forget Spell, Divine Exegesis


You were in the Dungeon.
You worshipped Sif Muna.
Sif Muna was greatly pleased with you.
You were a tree.
You visited 1 branch You collected 615 gold pieces.
You spent 240 gold pieces at shops.

Inventory:

Hand Weapons
 n - a +3 sling of electrocution
Missiles
 p - 4 curare-tipped darts
Magical Staves
 l - a staff of conjuration (weapon)
Jewellery
 s - a ring of flight (left branch)
Talismans
 r - a storm talisman
Scrolls
 f - 2 scrolls of blinking
 i - a scroll of enchant weapon
 j - a scroll of revelation
 o - a scroll of amnesia
 q - a scroll of immolation {unknown}
Potions
 a - 5 potions of magic
 b - a potion of mutation
 h - a potion of resistance
 k - 3 potions of enlightenment
 t - 3 potions of berserk rage
 u - a potion of might


   Skills:
 - Level 0.4 Fighting
 + Level 9.1 Dodging
 - Level 6.0 Stealth
 - Level 2.1 Unarmed Combat
 * Level 11.2 Spellcasting
 * Level 10.8 Conjurations
 - Level 6.0 Hexes
 + Level 7.1 Summonings
 + Level 11.7 Fire Magic
 + Level 7.1 Air Magic
 - Level 6.5 Poison Magic
 * Level 7.0 Invocations


You had 8 spell levels left.
You knew the following spells:

 Your Spells              Type           Power      Damage    Failure   Level
a - Foxfire               Conj/Fire      100%       2x1d9     1%          1
b - Scorch                Fire           100%       2d9       1%          2
c - Inner Flame           Hex/Fire       51%        N/A       1%          3
d - Flame Wave            Conj/Fire      75%        2d17      1%          4
e - Call Imp              Summ           86%        N/A       1%          2
f - Mephitic Cloud        Conj/Pois/Air  64%        N/A       1%          3
g - Starburst             Conj/Fire      37%        6d11      8%          6
h - Dazzling Flash        Conj/Hex       100%       N/A       1%          3

Your spell library contained the following spells:

 Spells                   Type           Power      Damage    Failure   Level
 Magic Dart               Conj           100%       1d8       1%          1
 Volatile Blastmotes      Fire/Tloc      76%        2d16      1%          3
 Malign Gateway           Summ/Tloc      14%        N/A       100%        7
 Maxwell's Capacitive Co  Air            21%        ∞         100%        8
 Summon Horrible Things   Summ           21%        N/A       100%        8


Dungeon Overview and Level Annotations

Branches:
Dungeon (1/1)

Altars:
Cheibriados
Dithmenos
Elyvilon
Fedhas
Gozag
Hepliaklqana
Kikubaaqudgha
Makhleb
Nemelex Xobeh
Okawaru
Qazlal
Ru
Sif Muna
Trog
Uskayaw
Vehumet
Wu Jian
Xom
Yredelemnul
Zin
The Shining One
Jiyva
Lugonu

Shops:
D =(:![[!??=*:(![

Annotations:
D exclusions: obsidian statue and oklob plant


Innate Abilities, Weirdness & Mutations

You are a tree.
Your roots penetrate the ground, keeping you stationary.
You cannot be teleported.
You are immune to unholy pain and torment.
Your maximum health is greatly increased.
You cannot wear most types of armour.
((You are amphibious.))
You can wear up to eight rings at the same time.
((Your skin changes colour to match your surroundings (Stealth+).))
((Your rubbery body absorbs attacks. (AC +1, EV +1)))
((You are camouflaged when in or above water. (Stealth+)))
((You have tentacles for arms and can constrict up to eight enemies at once.))
((You have a beak for a mouth.))
((One of your tentacles bears a spike.))
You are frail. (-10% HP)
You have an increased reservoir of magic. (+10% MP)


Message History

You are engulfed in a cloud of scalding steam.
You hear a trumpeting!
The yaktaur captain is engulfed in noxious fumes.
The yaktaur captain barely misses you.
The polar bear is engulfed in noxious fumes.
The yaktaur captain is engulfed in noxious fumes.
The yaktaur captain hits you!
* * * LOW HITPOINT WARNING * * *
The polar bear is engulfed in noxious fumes.
The polar bear bites you.
* * * LOW HITPOINT WARNING * * *
The polar bear claws you.
* * * LOW HITPOINT WARNING * * *
The polar bear claws you but does no damage.
Unknown command.
Unknown command.
Unknown command.
Okay, then.
Unknown command.
Casting: Mephitic Cloud (safe; 1% risk of failure)
Confirm with . or Enter, or press ? or * to list all spells.
Okay, then.
Unknown command.
Unknown command.
Okay, then.
Unknown command.
Okay, then.
Unknown command.
Casting: Mephitic Cloud (safe; 1% risk of failure)
Confirm with . or Enter, or press ? or * to list all spells.
Casting: Starburst (dangerous; 8% risk of failure)
Press: ? - help, Dir - look around, f - activate You feel a surge of power!
The bolt of fire misses the polar bear.
The bolt of fire hits your foxfire.
Your foxfire completely resists.
The bolt of fire hits the yaktaur captain!!!
The yaktaur captain is severely wounded.
The yaktaur captain is engulfed in noxious fumes.
The yaktaur captain hits you!
You die...

.c#### §≈≈○≈≈§ c..~##
§S≈°≈
############~~#+++#+++##
###########§~~.........#
##........#§~~~.##+##..#
##....⌠...#○°☼§## #.####
##...∩.∩..#☼○§~# #....#
##..∩.∩.∩.#ch### #..##
##...∩.∩.∩#♣##.###+#
##..#
##∩.∩...∩.#v##..##.##
#..#
##.∩.....∩'§'.##†.<.+
+..#
##∩.......#~##..##.##
#..9
#▓▓▓▓▓▓▓###~##.###+#
##... ##[ll######~~###
###~~§§


#!SS#JJ ##~~~# #~~~§§~ #∩P[+J$#+ #'#~## ##~§~~§~ #?.?#$##≈ #[#~~##+##~~~§≈≈~ You
could see a yaktaur captain (ally target), a polar bear, a water moccasin and a
wyvern.

Vanquished Creatures
  A kraken (D)
  Kirke (D)
  A centaur warrior (D)
  A skeletal warrior (D)
  A death drake (D)
  2 deep trolls (D)
  A yaktaur (D)
  A kobold demonologist (D)
  3 polar bears (D)
  A hornet (D)
  5 water moccasins (D)
  4 scorpions (D)
  A hell rat (D)
  2 tentacles (D)
25 creatures vanquished.

Vanquished Creatures (others)
  Menkaure (D)
  39 foxfires (D)
  37 tentacles (D)
77 creatures vanquished.

Grand Total: 102 creatures vanquished

Notes
Turn   | Place    | Note
-------+----------+-------------------------------------------
     0 | D        | Conn the Octopode Fire Elementalist began the quest for the
                  | Orb.
     0 | D        | Reached XP level 1. HP: 11/11 MP: 3/3
     1 | D        | Noticed a scorpion
     1 | D        | Noticed a scorpion
     1 | D        | Noticed a scorpion
     1 | D        | Noticed a scorpion
     7 | D        | Killed a scorpion
     8 | D        | Reached XP level 2. HP: 16/17 MP: 3/6
     8 | D        | Reached XP level 3. HP: 20/21 MP: 4/8
     8 | D        | Killed a scorpion
     9 | D        | Reached skill level 1 in Unarmed Combat
     9 | D        | Reached XP level 4. HP: 25/27 MP: 5/10
     9 | D        | Reached XP level 5. HP: 29/31 MP: 5/11
    15 | D        | Reached skill level 5 in Stealth
    18 | D        | Reached skill level 5 in Spellcasting
    18 | D        | Reached XP level 6. HP: 19/37 MP: 5/13
    24 | D        | Killed Menkaure
    33 | D        | Learned a level 2 spell: Scorch
    37 | D        | Learned a level 3 spell: Inner Flame
    42 | D        | Learned a level 4 spell: Flame Wave
    43 | D        | Found Wanlosk's Antique Weapon Shoppe.
    43 | D        | Found Hojel's Distillery.
    43 | D        | Found Siubes's Assorted Antiques.
    43 | D        | Found Niesac's Book Emporium.
    43 | D        | Found Wuqyose's Magic Scroll Shoppe.
    43 | D        | Found Lienkuas's Jewellery Shoppe.
    44 | D        | Found Datwipof's Magic Scroll Shoppe.
    44 | D        | Found Inketieh's Distillery.
    45 | D        | Found Gaydiy's Antique Armour Shoppe.
    45 | D        | Found Tagij's Antique Armour Emporium.
    45 | D        | Noticed a water moccasin
    46 | D        | Found Ippeh's Armour Emporium.
    46 | D        | Noticed a water moccasin
    47 | D        | Found Zecie's Distillery.
    47 | D        | Noticed a water moccasin
    47 | D        | Noticed a water moccasin
    47 | D        | Noticed an oklob plant
    49 | D        | Killed a water moccasin
    49 | D        | Noticed a wyvern
    50 | D        | Reached skill level 5 in Dodging
    50 | D        | Reached skill level 1 in Hexes
    50 | D        | Found Atexzorch's Jewellery Emporium.
    50 | D        | Found Fufyiz's Antique Weapon Shoppe.
    50 | D        | Found Hacwub's Book Shoppe.
    50 | D        | Noticed a wyvern
    58 | D        | Bought a book of Minor Magic for 180 gold pieces
    61 | D        | Learned a level 2 spell: Call Imp
    65 | D        | Learned a level 3 spell: Mephitic Cloud
    70 | D        | Noticed a slime creature
    71 | D        | Noticed a slime creature
    74 | D        | Bought a potion of lignification for 30 gold pieces
    74 | D        | Bought a potion of curing for 30 gold pieces
    74 | D        | Noticed a slime creature
    74 | D        | Noticed a flying skull
   107 | D        | Noticed an ice statue
   112 | D        | Noticed a water moccasin
   114 | D        | Killed a water moccasin
   115 | D        | Reached skill level 1 in Poison Magic
   119 | D        | Found an opulent altar of Gozag.
   120 | D        | Found a blossoming altar of Fedhas.
   121 | D        | Found a white marble altar of Elyvilon.
   121 | D        | Found a burning altar of Makhleb.
   122 | D        | Found a shadowy altar of Dithmenos.
   122 | D        | Found a corrupted altar of Lugonu.
   123 | D        | Found a snail-covered altar of Cheibriados.
   123 | D        | Found an ancient bone altar of Kikubaaqudgha.
   123 | D        | Found a bloodstained altar of Trog.
   124 | D        | Found a viscous altar of Jiyva.
   124 | D        | Found a shimmering blue altar of Sif Muna.
   125 | D        | Found a hazy altar of Hepliaklqana.
   125 | D        | Found a sacrificial altar of Ru.
   126 | D        | Found a shimmering altar of Xom.
   127 | D        | Found a stormy altar of Qazlal.
   127 | D        | Found an ornate altar of the Wu Jian Council.
   127 | D        | Found a sparkling altar of Nemelex Xobeh.
   127 | D        | Found a hide-covered altar of Uskayaw.
   127 | D        | Found a basalt altar of Yredelemnul.
   127 | D        | Found a glowing golden altar of the Shining One.
   128 | D        | Found a radiant altar of Vehumet.
   128 | D        | Found an iron altar of Okawaru.
   128 | D        | Found a glowing silver altar of Zin.
   131 | D        | Noticed a water moccasin
   131 | D        | Noticed a water moccasin
   134 | D        | Became a worshipper of Sif Muna the Loreminder
   148 | D        | Noticed a kraken
   149 | D        | Noticed a water moccasin
   155 | D        | Killed a water moccasin
   155 | D        | Killed a water moccasin
   156 | D        | Reached XP level 7. HP: 14/42 MP: 10/17
   163 | D        | HP: 2/42 [poisoned by a water moccasin]
   451 | D        | Gained mutation: One of your tentacles bears a spike.
                  | [potion of mutation]
   451 | D        | Gained mutation: You are frail. (-10% HP) [potion of
                  | mutation]
   451 | D        | Gained mutation: You have an increased reservoir of magic.
                  | (+10% MP) [potion of mutation]
   451 | D        | Gained mutation: You have a beak for a mouth. [potion of
                  | mutation]
   475 | D        | Reached * piety under Sif Muna
   476 | D        | Reached skill level 5 in Conjurations
   479 | D        | Noticed a flying skull
   479 | D        | Noticed a flying skull
   479 | D        | Noticed a flying skull
   479 | D        | Noticed a flying skull
   479 | D        | Noticed a flying skull
   480 | D        | Noticed a flying skull
   500 | D        | Noticed a deep troll
   501 | D        | Noticed a deep troll
   508 | D        | Killed a deep troll
   508 | D        | Killed a deep troll
   509 | D        | Reached skill level 10 in Fire Magic
   509 | D        | Reached skill level 5 in Poison Magic
   509 | D        | Reached XP level 8. HP: 42/42 MP: 6/22
   509 | D        | Reached XP level 9. HP: 46/46 MP: 6/23
   565 | D        | Learned a level 6 spell: Starburst
   569 | D        | Learned a level 3 spell: Dazzling Flash
   830 | D        | Killed a kraken
   830 | D        | Reached ** piety under Sif Muna
   831 | D        | Reached skill level 5 in Hexes
   831 | D        | Reached skill level 5 in Summonings
   831 | D        | Reached skill level 5 in Air Magic
   967 | D        | Noticed a yaktaur
   967 | D        | Noticed a hornet
   967 | D        | Noticed a polar bear
   968 | D        | Noticed a polar bear
   974 | D        | Killed a polar bear
   974 | D        | Killed a polar bear
   985 | D        | Noticed a death drake
  1093 | D        | Killed a death drake
  1093 | D        | Killed a hornet
  1093 | D        | Reached *** piety under Sif Muna
  1093 | D        | Killed a yaktaur
  1094 | D        | Reached skill level 10 in Spellcasting
  1094 | D        | Reached XP level 10. HP: 26/51 MP: 1/26
  1128 | D        | Noticed an obsidian statue
  1162 | D        | Noticed a crystal guardian
  1174 | D        | Noticed Kirke
  1174 | D        | Noticed a yaktaur captain
  1174 | D        | Noticed a kobold demonologist
  1175 | D        | Noticed a centaur warrior
  1180 | D        | Noticed a skeletal warrior
  1191 | D        | Killed a centaur warrior
  1191 | D        | Killed a kobold demonologist
  1192 | D        | Reached skill level 10 in Conjurations
  1192 | D        | Reached skill level 5 in Invocations
  1193 | D        | Killed a skeletal warrior
  1193 | D        | Reached **** piety under Sif Muna
  1198 | D        | Killed Kirke
  1199 | D        | Reached XP level 11. HP: 26/55 MP: 19/28
  1200 | D        | Slain by a yaktaur captain

Illustrated notes

Levels and vault maps discovered:
D:        the_violet_keep_of_menkaure [sprint2_stairs_cluster_1,
          sprint2_shoproom, sprint2_temple, sprint2_basic_supplies,
          sprint2_obstacle_2, sprint2_obstacle_3, sprint2_obstacle_5,
          sprint2_obstacle_1, sprint2_obstacle_6, sprint2_timed_cluster_1,
          sprint2_smallroom_cluster_1, sprint2_smallroom_final_cluster_1,
          sprint2_transparent_cluster_1, sprint2_second_timed_cluster_1,
          sprint2_sniper_area_1, sprint2_heavy_combat_area_1,
          sprint2_mutation_trap_area_1, sprint2_forest_area_1,
          sprint2_light_combat_area_1, sprint2_behind_water_1,
          sprint2_near_end_vault_1]

Skill      XL: |  1  2  3  4  5  6  7  8  9 10 |
---------------+-------------------------------+-----
Dodging        | 3 4 5 7 8 9 |  9.1
Stealth        | 4 5 6 |  6.0
Spellcasting   | 3 4 5 6 8 10 11 | 11.2
Fire Magic     | 6 7 9 10 11 | 11.7
Unarmed Combat | 1 2 |  2.1
Conjurations   | 4 7 9 10 | 10.8
Hexes          | 2 4 6 |  6.0
Poison Magic   | 2 5 6 |  6.5
Summonings     | 2 4 6 7 |  7.1
Air Magic      | 2 4 6 7 |  7.1
Invocations    | 4 7 |  7.0
Fighting       | |  0.4

Action                     |  1- 3 |  4- 6 |  7- 9 | 10-12 || total
---------------------------+-------+-------+-------+-------++-------
  Melee: Unarmed           |     5 |     9 |       |       ||    14
         Tentacles         |     3 |     3 |       |       ||     6
         Constrict         |     2 |     2 |       |       ||     4
         Staff             |       |       |     1 |       ||     1
         Kick              |       |       |     1 |       ||     1
         Peck              |       |       |     1 |       ||     1
   Cast: Scorch            |       |     6 |    13 |     6 ||    25
         Foxfire           |       |     4 |    16 |     5 ||    25
         Inner Flame       |       |       |    16 |     1 ||    17
         Call Imp          |       |       |     6 |       ||     6
         Mephitic Cloud    |       |       |     4 |     3 ||     7
         Starburst         |       |       |     2 |     2 ||     4
         Dazzling Flash    |       |       |     2 |     1 ||     3
         Flame Wave        |       |       |     1 |     3 ||     4
 Invoke: Channel Magic     |       |       |     1 |     1 ||     2
    Use: Potion            |     2 |     2 |     5 |     3 ||    12
         Scroll            |       |       |     5 |     2 ||     7
 Armour: Skin              |     1 |     9 |    11 |    30 ||    51
  Dodge: Dodged            |     2 |     7 |    13 |     8 ||    30

Table legend: (Time is in decaauts)
 A = Elapsed time spent in this place.
 B = Non-inter-level travel time spent in this place.
 C = Inter-level travel time spent in this place.
 D = Time resting spent in this place.
 E = Time spent auto-exploring this place.
 F = Levels seen in this place.
 G = Mean time per level.
                   A        B        C        D        E       F      G
               +--------+--------+--------+--------+--------+-----+--------+
         Total |   1204 |   1204 |      0 |    483 |      0 |   1 | 1204.0 |
       Dungeon |   1204 |   1204 |      0 |    483 |      0 |   1 | 1204.0 |
               +--------+--------+--------+--------+--------+-----+--------+

Top non-repeatable levels by time:
       D: 1204 daAuts
